 Dungeon Crawl Stone Soup version 0.28-a0-1236-gb25a51b929 (webtiles) character file.

Game seed: 9811659900547490151

3081 blank1 the Fighter (level 9, -10/85 HPs)
             Began as a Minotaur Fighter on Dec 25, 2021.
             Mangled by a bone dragon (13 damage)
             ... on level 1 of the Abyss.
             The game lasted 00:11:18 (6881 turns).

blank1 the Fighter (Minotaur Fighter)               Turns: 6881, Time: 00:11:19

Health: -10/85     AC: 11    Str: 23    XL:     9   Next: 58%
Magic:  17/17      EV: 10    Int:  5    God:
Gold:   448        SH: 10    Dex: 12    Spells: 8/8 levels left

rFire   . . .      SeeInvis .   g - +3 spear (venom)
rCold   . . .      Faith    .   c - +0 buckler
rNeg    . . .      Spirit   .   t - +0 chain mail {rPois}
rPois   +          Reflect  +   (helmet restricted)
rElec   .          Harm     .   o - +0 cloak
rCorr   .          Rampage  .   (no gloves)
Will    .....                   (no boots)
Stlth   ..........              f - amulet of reflection
HPRegen 0.24/turn               r - ring of magical power
MPRegen 0.15/turn               (no ring)

@: mighty
A: horns 2, retaliatory headbutt
a: no special abilities


You were on level 1 of the Abyss.
You visited 2 branches of the dungeon, and saw 9 of its levels.
You visited the Abyss 1 time.

You collected 448 gold pieces.

Inventory:

Hand Weapons
 a - a +0 trident
 g - a +3 spear of venom (weapon)
 A - a +1 morningstar of protection
Armour
 c - a +0 buckler (worn)
 o - a +0 cloak (worn)
 t - a +0 chain mail of poison resistance (worn)
Jewellery
 f - an amulet of reflection (around neck)
 r - a ring of magical power (left hand)
Wands
 j - a wand of mindburst (11)
 n - a wand of flame (25)
 p - a wand of digging (2)
 C - a wand of polymorph (9)
Scrolls
 b - 5 scrolls of teleportation
 s - 2 scrolls of enchant weapon
 u - 4 scrolls of identify {unknown}
 v - 2 scrolls of acquirement {unknown}
 x - a scroll of torment {unknown}
 y - a scroll of magic mapping {unknown}
 z - a scroll of blinking {unknown}
 B - a scroll of fear {unknown}
Potions
 d - a potion of might
 e - 2 potions of heal wounds {unknown}
 h - 3 potions of resistance
 i - a potion of invisibility {unknown}
 k - 3 potions of brilliance {unknown}
 l - 3 potions of lignification {unknown}
 m - 2 potions of flight {unknown}
 q - a potion of berserk rage {unknown}
 w - 2 potions of haste {unknown}


   Skills:
 + Level 10.2 Fighting
 + Level 10.2 Polearms
 - Level 7.0 Armour
 - Level 5.0 Dodging
 - Level 4.0 Shields


You had 8 spell levels left.
You didn't know any spells.
Your spell library contained the following spells:

 Spells                   Type           Power      Damage    Failure   Level
 Pain                     Necr           0%         1d4       98%         1
 Summon Small Mammal      Summ           0%         N/A       98%         1
 Sublimation of Blood     Necr           0%         N/A       99%         2
 Call Canine Familiar     Summ           0%         N/A       100%        3
 Summon Guardian Golem    Hex/Summ       0%         N/A       100%        3
 Hailstorm                Conj/Ice       0%         3d3       100%        4
 Ice Form                 Ice/Tmut       0%         N/A       100%        4
 Petrify                  Tmut/Erth      0%         N/A       100%        4
 Agony                    Necr           0%         N/A       100%        5
 Excruciating Wounds      Necr           0%         N/A       100%        5
 Irradiate                Conj/Tmut      0%         3d14      100%        5
 Simulacrum               Ice/Necr       0%         N/A       100%        6


Dungeon Overview and Level Annotations

Branches:
Dungeon (8/15)             Temple (1/1) D:5
   Lair: D:8-11

Altars:
Ashenzari
Cheibriados
Elyvilon
Fedhas
Gozag
Hepliaklqana
Nemelex Xobeh
Ru
Sif Muna
Trog
Uskayaw
Wu Jian
Yredelemnul

Shops:
D:3 :   D:5 [

Annotations:
D:5 r3xj's ghost, amateur MiFi


Innate Abilities, Weirdness & Mutations

You have a pair of horns on your head.
You reflexively headbutt those who attack you in melee.


Message History

You block the bone dragon's attack. The bone dragon claws you!
The bone dragon tramples you but does no damage.
You barely miss the bone dragon. You hit the bone dragon.
The bone dragon is lightly damaged.
The bone dragon bites you but does no damage.
The bone dragon claws you! The bone dragon tramples you!
You hit the bone dragon but do no damage.
The bone dragon is lightly damaged.
You barely miss the bone dragon.
The bone dragon is lightly damaged.
You feel less wooden.
Your +0 cloak unmelds from your body.
Your +0 chain mail of poison resistance unmelds from your body.
You feel resistant to poison. The bone dragon bites you.
The bone dragon claws you! The bone dragon tramples you!
You stumble backwards!
Unknown command.
Unknown command.
You feel very mighty all of a sudden.
The bone dragon bites you but does no damage.
The bone dragon claws you!
* * * LOW HITPOINT WARNING * * *
The bone dragon tramples you.
* * * LOW HITPOINT WARNING * * *
You stumble backwards!
You hit the bone dragon.
You headbutt the bone dragon, but do no damage.
The bone dragon is lightly damaged.
You block the bone dragon's attack. The bone dragon claws you!
* * * LOW HITPOINT WARNING * * *
You block the bone dragon's attack.
You hit the bone dragon but do no damage.
You headbutt the bone dragon!
The bone dragon is lightly damaged.
You hit the bone dragon but do no damage.
Your headbutt misses the bone dragon.
The bone dragon is lightly damaged.
The bone dragon bites you but does no damage.
The bone dragon claws you!
You die...

#...?..##. ....
#..)...#.. ....
...#.....###....
............... .
.......... .. ..
#........#.##.##.
..............!.
#.....@D........
...$.∩..##''.##..
#....##.#.....#..
#... #...#.#....
... ##..#.# 8#.
.# ...#.# # .#..
. #......


You could see a bone dragon.

Vanquished Creatures
  A two-headed ogre (D:8)
  Maggie (D:8)
  Sigmund (D:3)
  A shadow (D:8)
  An acid dragon (D:5)
  2 ogres
  3 centaurs
  A phantom (D:5)
  A kobold brigand (D:5)
  A water moccasin zombie (D:5)
  A water moccasin skeleton (D:4)
  4 wights (D:8)
  2 howler monkeys (D:3)
  A centaur zombie (D:7)
  An orc priest (D:5)
  7 hounds
  Crazy Yiuf (D:2)
  An iguana (D:5)
  4 orc wizards
  An ogre zombie (D:4)
  3 hound skeletons (D:4)
  Robin (D:2)
  A howler monkey skeleton (D:5)
  2 orc zombies (D:4)
  17 gnolls
  6 adders
  A shadow imp (D:5)
  A white imp (D:8)
  6 worms
  2 dart slugs
  24 orcs
  2 ball pythons
  4 bats
  7 endoplasms
  2 giant cockroaches
  21 goblins
  15 hobgoblins
  9 jackals (D:3)
  6 kobolds
  2 quokkas (D:1)
  3 frilled lizards
  7 rats
178 creatures vanquished.

Vanquished Creatures (others)
  3 fungi
  15 plants
18 creatures vanquished.

Grand Total: 196 creatures vanquished

Notes
Turn   | Place    | Note
-------+----------+-------------------------------------------
     0 | D:1      | blank1 the Minotaur Fighter began the quest for the Orb.
     0 | D:1      | Reached XP level 1. HP: 19/19 MP: 0/0
   176 | D:1      | Reached XP level 2. HP: 27/27 MP: 1/1
   503 | D:1      | Reached skill level 1 in Dodging
   742 | D:1      | Reached XP level 3. HP: 33/33 MP: 2/2
  1255 | D:2      | Found a runed translucent door.
  1256 | D:2      | Noticed Crazy Yiuf
  1264 | D:2      | Killed Crazy Yiuf
  1265 | D:2      | Reached XP level 4. HP: 24/40 MP: 3/3
  1436 | D:2      | Noticed Robin
  1453 | D:2      | Killed Robin
  1990 | D:2      | Reached skill level 5 in Polearms
  2336 | D:3      | Reached XP level 5. HP: 46/46 MP: 4/4
  2417 | D:3      | Noticed Sigmund
  2426 | D:3      | Killed Sigmund
  2427 | D:3      | Reached skill level 5 in Fighting
  2427 | D:3      | Reached XP level 6. HP: 42/56 MP: 5/5
  2680 | D:3      | Found Efaf's Book Shoppe.
  2958 | D:3      | Noticed a moth of wrath
  2961 | D:3      | Found a bloodstained altar of Trog.
  3213 | D:3      | Reached XP level 7. HP: 64/64 MP: 6/6
  3578 | D:3      | Found a faded altar of an unknown god.
  3620 | D:4      | Reached skill level 5 in Armour
  3904 | D:4      | Found a broken altar of Ashenzari.
  4094 | D:4      | Found a transporter.
  4140 | D:4      | Found a transporter.
  4306 | D:4      | Reached XP level 8. HP: 70/74 MP: 7/7
  5135 | D:5      | Entered Level 5 of the Dungeon
  5154 | D:5      | Found a runed translucent gate.
  5154 | D:5      | Found a runed translucent gate.
  5154 | D:5      | Found a runed translucent gate.
  5154 | D:5      | Noticed r3xj's ghost (amateur MiFi)
  5500 | D:5      | Found a staircase to the Ecumenical Temple.
  5553 | Temple   | Entered the Ecumenical Temple
  5728 | D:5      | You fall into a shaft and drop 3 floors!
  5802 | D:8      | Noticed a two-headed ogre
  5803 | D:8      | Noticed Maggie
  5829 | D:8      | Killed Maggie
  5830 | D:8      | Reached skill level 5 in Dodging
  5865 | D:8      | Killed a two-headed ogre
  5866 | D:8      | Reached skill level 10 in Fighting
  5866 | D:8      | Reached XP level 9. HP: 7/85 MP: 8/8
  6333 | D:8      | Found a sacrificial altar of Ru.
  6480 | D:8      | Reached skill level 10 in Polearms
  6575 | D:5      | Found Acoimatu's Antique Armour Emporium.
  6860 | D:5      | Cast into level 1 of the Abyss (kobold)
  6865 | Abyss:1  | Noticed a bone dragon
  6879 | Abyss:1  | HP: 3/85 [bone dragon (7)]
  6881 | Abyss:1  | Mangled by a bone dragon

Illustrated notes

Levels and vault maps discovered:
D:1:      wander_arrival_chamber, layout_basic, chequers_serial_rivers_marsh
D:2:      kennysheep_the_goblin_king, layout_basic, minmay_crystal_room,
          chequers_serial_rivers_small_3, hangedman_decor_points, uniq_robin,
          uniq_crazy_yiuf_cottage
D:3:      lemuel_castle_with_subvaults [lemuel_castle_interior_carwin_3],
          layout_loops_ring, tgw_trog, serial_shops, shop,
          dilly_ecumenical_altar_fadedgnrine, small_statue_intersection,
          uniq_sigmund
D:4:      gammafunk_cloud_chamber, layout_layer_cave, lemuel_doored_altar,
          serial_park_tiny_pond
D:5:      layout_rooms, minmay_temple_entry_waves, serial_shops,
          nicolae_stop_n_shop_2, gammafunk_ghost_nasty_kobolds, nrook_campfire
D:6:      layout_rooms, lightli_temple_of_fire, mainiacjoe_overflow_paths
D:7:      layout_rooms, gammafunk_temple_overflow_wave, tso_metal_star,
          serial_shops, nicolae_shop_temple_entry_statues_fountains,
          kennysheep_generic_room_6
D:8:      layout_loops_ring, nicolae_ru_sacrificial_ziggurat,
          mainiacjoe_overflow_boulevard, uniq_maggie
Temple:   eino_temple_lava
Abyss:1:  base:
D:4

Skill      XL: |  1  2  3  4  5  6  7  8  9 |
---------------+----------------------------+-----
Dodging        | 1 2 5 |  5.0
Fighting       | 4 5 6 7 10 | 10.2
Armour         | 4 5 7 |  7.0
Shields        | 4 |  4.0
Polearms       | 4 5 6 7 8 10 | 10.2

Action                   |  1- 3 |  4- 6 |  7- 9 || total
-------------------------+-------+-------+-------++-------
Melee: Trident           |    53 |       |       ||    53
       Headbutt          |    10 |    19 |    59 ||    88
       Spear             |    35 |   121 |   334 ||   490
  Use: Potion            |       |     1 |     1 ||     2
       Scroll            |       |       |     4 ||     4
Armor: Scale mail        |    16 |    18 |       ||    34
       Chain mail        |       |     1 |    49 ||    50
       Skin              |       |       |     6 ||     6
Dodge: Dodged            |    19 |    28 |    48 ||    95
Block: Buckler           |     9 |    24 |    73 ||   106
       Reflection        |       |     3 |     3 ||     6

Table legend: (Time is in decaauts)
 A = Elapsed time spent in this place.
 B = Non-inter-level travel time spent in this place.
 C = Inter-level travel time spent in this place.
 D = Time resting spent in this place.
 E = Time spent auto-exploring this place.
 F = Levels seen in this place.
 G = Mean time per level.
                   A        B        C        D        E       F      G
               +--------+--------+--------+--------+--------+-----+--------+
         Total |   6779 |   6556 |    223 |    800 |   4412 |  10 |  677.9 |
       Dungeon |   6672 |   6455 |    217 |    795 |   4333 |   8 |  834.0 |
        Temple |     89 |     83 |      6 |      0 |     79 |   1 |   89.0 |
         Abyss |     17 |     17 |      0 |      5 |      0 |   1 |   17.0 |
               +--------+--------+--------+--------+--------+-----+--------+

Top non-repeatable levels by time:
     D:4: 1593 daAuts
     D:2: 1439 daAuts
     D:3: 1287 daAuts
     D:1: 860 daAuts
     D:8: 763 daAuts
     D:5: 670 daAuts
  Temple: 89 daAuts
     D:6: 32 daAuts
     D:7: 26 daAuts
 Abyss:1: 17 daAuts
